Map: Blackpink LE

Players

Elazer - Winner!

  • Race: Zerg Zerg
  • Spawn Location: 1:00

Stats

  • Race: Protoss Protoss
  • League: Master
  • Spawn Location: 7:00

Event: Memes & Dreams Invitational

VOD

Have the link to the VOD?

Description

Time

  • Played on: April 14, 2018, 11:02 p.m.
  • Length: 9:17

All games in this series

Show
View Real Time Build Order
Export as new Build Order

Elazer Zerg - Winner!

Build Orders: Hatch First 

Get SALT Encoding   

  12  0:00  Drone  
  13  0:12  Overlord  
  13  0:17  Drone  
  14  0:30  Drone x2  
  16  0:47  Hatchery  
  15  0:50  Drone  
  15  0:54  Drone  
  17  0:57  Drone  
  18  1:09  Extractor  
  17  1:12  Spawning Pool  
  17  1:15  Drone  
  17  1:19  Drone  
  18  1:27  Drone  
  19  1:40  Drone  
  20  1:49  Overlord  
  20  1:59  Zergling x2, Queen x2  
  20  2:00  Zergling x2  
  26  2:11  Drone x2  
  26  2:13  Metabolic Boost  
  28  2:21  Drone  
  28  2:22  Drone  
  30  2:33  Drone  
  30  2:34  Drone  
  30  2:36  Queen  
  34  2:51  Overlord  
  34  2:53  Drone, Hatchery  
  34  2:54  Drone  
  35  3:03  Zergling x2  
  36  3:10  Zergling x2  
  36  3:12  Drone x3  
  39  3:13  Zergling x2  
  39  3:17  Drone  
  39  3:24  Drone  
  39  3:26  Drone  
  38  3:31  Spore Crawler  
  38  3:34  Drone  
  38  3:36  Drone  
  39  3:42  Drone  
  39  3:43  Drone x2  
  39  3:47  Drone  
  43  3:51  Lair  
  43  3:52  Overlord  
  43  4:02  Extractor  
  43  4:06  Overlord  
  42  4:10  Queen  
  42  4:11  Drone x5  
  49  4:24  Drone x7  
  49  4:26  Drone  
  49  4:28  Extractor, Overlord  
  56  4:34  Spore Crawler  
  56  4:35  Drone x2, Spore Crawler  
  56  4:36  Drone  
  57  4:44  Overlord  
  57  4:49  Hydralisk Den  
  57  4:52  Drone x5  
  61  4:53  Drone  
  61  4:55  Extractor  
  61  4:56  Overlord  
  61  5:00  Drone x2  
  61  5:01  Drone  
  61  5:05  Overlord  
  65  5:07  Zergling x4  
  65  5:12  Zergling x2  
  65  5:13  Zergling x2  
  68  5:18  Overlord  
  68  5:19  Grooved Spines  
  68  5:20  Hydralisk  
  70  5:22  Hydralisk  
  70  5:26  Hydralisk x2  
  76  5:30  Hydralisk  
  78  5:39  Hydralisk x3  
  84  5:45  Overlord  
  84  5:47  Hydralisk x2  
  88  5:55  Hydralisk  
  88  5:56  Hydralisk  
  92  5:57  Overlord x2  
  91  6:05  Hydralisk  
  91  6:09  Hydralisk  
  95  6:15  Hydralisk  
  97  6:24  Hydralisk x2  
  97  6:25  Zergling x18  
  102  6:31  Hydralisk  
  109  6:41  Zergling x16  
  113  6:52  Hydralisk x2  
  102  6:57  Hydralisk x4  
  98  7:03  Queen  
  98  7:04  Hydralisk  
  98  7:08  Hydralisk, Zergling x2  
  95  7:09  Zergling x6  
  95  7:14  Hydralisk  
  101  7:18  Hydralisk  
  101  7:19  Hydralisk  
  105  7:24  Overlord  
  105  7:29  Zergling x10  
  108  7:34  Muscular Augments  
  108  7:37  Hydralisk, Zergling x2  
  108  7:38  Zergling x4  
  108  7:42  Hydralisk x2  
  108  7:43  Zergling x2  
  108  7:44  Zergling x4  
  120  7:51  Zergling x2  
  121  7:57  Overlord  
  104  8:23  Hydralisk x8  
  104  8:24  Zergling x2  
  104  8:25  Zergling x6  
  112  8:32  Hydralisk  
  104  8:40  Hydralisk x2  
  104  8:42  Zergling x8  
  105  8:51  Hydralisk  
  105  8:52  Zergling x2  
Show
View Real Time Build Order
Export as new Build Order

Stats Protoss 

Build Orders: 1 Gate Expand, Oracle Opening, Zealot Archon, Archon Drop 

Get SALT Encoding   

  12  0:00  Probe  
  13  0:12  Probe  
  14  0:19  Pylon  
  14  0:25  Probe  
  15  0:37  Probe (Chrono Boost)  
  15  0:41  Gateway  
  16  0:47  Probe (Chrono Boost), Assimilator  
  17  0:52  Probe (Chrono Boost)  
  18  1:04  Probe  
  19  1:16  Probe  
  20  1:23  Nexus  
  20  1:32  Cybernetics Core  
  20  1:35  Probe  
  21  1:42  Assimilator  
  21  1:47  Probe  
  21  1:50  Pylon  
  22  1:59  Probe  
  23  2:07  Adept (Chrono Boost)  
  23  2:12  Probe  
  26  2:19  Stargate  
  26  2:24  Probe (Chrono Boost)  
  26  2:25  Adept (Chrono Boost)  
  29  2:34  Warp Gate  
  29  2:35  Probe (Chrono Boost)  
  31  2:42  Probe (Chrono Boost)  
  31  2:43  Adept (Chrono Boost)  
  32  2:45  Probe (Chrono Boost)  
  32  2:49  Probe x2 (Chrono Boost)  
  36  3:00  Probe  
  36  3:02  Probe  
  36  3:04  Void Ray (Chrono Boost)  
  42  3:11  Pylon  
  42  3:16  Probe  
  42  3:17  Probe  
  40  3:34  Probe x2  
  42  3:36  Gateway  
  42  3:38  Oracle (Chrono Boost)  
  42  3:41  Gateway  
  45  3:46  Probe x2  
  45  3:47  Assimilator  
  47  3:49  Assimilator  
  47  3:58  Probe x2, Robotics Facility  
  49  4:08  Twilight Council  
  49  4:10  Probe  
  49  4:11  Pylon  
  49  4:12  Probe  
  51  4:22  Probe, Gateway  
  51  4:24  Pylon, Probe  
  53  4:34  Probe  
  53  4:36  Probe  
  55  4:41  Charge (Chrono Boost), Warp Prism (Chrono Boost)  
  57  4:46  Templar Archives  
  57  4:57  Gateway  
  57  4:59  Gateway  
  57  5:04  Zealot x3  
  63  5:08  Pylon  
  63  5:10  Pylon  
  63  5:24  Nexus  
  63  5:36  High Templar x4  
  63  5:41  Pylon  
  71  5:42  Archon  
  71  5:44  Archon  
  71  5:54  Probe x2  
  71  5:56  Pylon  
  73  5:58  Forge  
  73  6:02  Zealot x2  
  77  6:08  Zealot x4  
  85  6:21  Probe x2  
  87  6:31  Zealot x4  
  87  6:32  Zealot x2  
  91  6:51  Probe x2  
  91  6:52  Probe  
  91  6:53  Zealot x5  
  91  6:54  Zealot  
  82  7:04  Probe x3  
  82  7:05  Psionic Storm  
  82  7:06  Immortal (Chrono Boost)  
  75  7:16  Probe x3, High Templar x6  
  75  7:17  Shield Battery  
  90  7:33  Probe x3  
  93  7:37  Immortal (Chrono Boost)  
  93  7:44  Shield Battery  
  97  7:48  Gateway  
  97  7:50  Gateway  
  97  7:55  Zealot x5  
  97  7:58  Zealot  
  107  8:17  Zealot  
  107  8:23  Pylon  
  107  8:25  Pylon  
  94  8:27  Pylon  
  94  8:32  Archon  
  89  8:34  Zealot x2  
  89  8:40  Zealot  
  79  8:44  Zealot  
  66  8:48  Zealot  
  66  8:52  Assimilator  
  66  8:54  Assimilator  
  54  8:56  Zealot x2  
  54  9:00  Zealot  
  56  9:05  Pylon, Zealot  
  49  9:10  Zealot  
Tags
 
Add a new tag
Caveats
  • Supply blocks, unpowered buildings, or Contaminate may cause inaccurate times.
  • Supply counts are checked every 10 seconds.